 Dungeon Crawl Stone Soup version 0.28-a0-984-g3775c662fe (webtiles) character file.

Game seed: 12461160590639263585

37 sanka the Chopper (level 3, 0/31 HPs)
             Began as a Palentonga Abyssal Knight on Dec 3, 2021.
             Was a Believer of Lugonu.
             Succumbed to a kobold's poison
             ... on level 2 of the Dungeon.
             The game lasted 00:02:23 (1870 turns).

sanka the Chopper (Palentonga Abyssal Knight)       Turns: 1870, Time: 00:02:23

Health: 0/31       AC:  4    Str: 17 (18) XL:     3   Next: 21%
Magic:  5/5        EV:  9    Int:  7 (10) God:    Lugonu [**....]
Gold:   58         SH:  0    Dex:  9 (10) Spells: 2/2 levels left

rFire   . . .      SeeInvis +   a - +1 hand axe
rCold   . . .      Faith    +   (no shield)
rNeg    . . .      Spirit   .   b - +0 leather armour
rPois   .          Reflect  .   (no helmet)
rElec   .          Harm     .   (no cloak)
rCorr   .          Rampage  .   (no gloves)
Will    .....                   (no barding)
Stlth   +.........              d - amulet of faith
HPRegen 0.10/turn               (no ring)
MPRegen 0.09/turn               (no ring)

@: lethally poisoned (0 -> -6)
A: large, rugged brown scales 3, see invisible, deformed body, roll 1, armoured
tail
a: Rolling Charge, Renounce Religion, Depart the Abyss, Bend Space


You were on level 2 of the Dungeon.
You worshipped Lugonu.
Lugonu was pleased with you.
You visited 1 branch of the dungeon, and saw 2 of its levels.
You visited the Abyss 1 time.

You collected 58 gold pieces.


Innate Abilities, Weirdness & Mutations

You are completely covered in rugged brown scales. (AC +3, +7% HP)
You have supernaturally acute eyesight. (SInv)
Armour fits poorly on your strangely shaped body.
You can roll at nearby foes to attack.
You have a long armoured tail.


   Skills:
 - Level 3.0 Fighting
 + Level 3.2 Axes
 - Level 1.5 Armour
 - Level 0.7 Dodging
 + Level 2.8 Invocations


You had 2 spell levels left.
You didn't know any spells.
Your spell library was empty.

Inventory:

Hand Weapons
 a - a +1 hand axe (weapon)
Missiles
 i - 10 poisoned darts (quivered)
Armour
 b - a +0 leather armour (worn)
Jewellery
 d - an amulet of faith (around neck)
Scrolls
 c - 7 scrolls of identify {unknown}
 e - a scroll of amnesia {unknown}
 f - a scroll of noise {unknown}
 g - a scroll of acquirement {unknown}
 h - a scroll of immolation {unknown}
Potions
 j - a potion of degeneration {!q}

Dungeon Overview and Level Annotations

Branches:
Dungeon (2/15)

Altars:

.........▒ ▒.▒ ▒.....>..(
▒▒▒▒▒▒▒..▒▒▒▒▒▒▒.▒▒▒▒▒▒▒.........
▒..........................
▒.▒▒.............▒......... ▒▒
▒.............▒▒.▒......... .▒
▒▒▒▒▒▒▒▒▒▒.▒▒.▒▒[▒......... ▒▒
▒.▒▒<▒▒.▒.........
▒▒▒.▒...▒.▒▒▒▒▒.▒▒▒▒
▒KKH..▒.......▒.▒
▒.▒.......▒▒▒.▒.▒
.#..K..)▒.......▒ ▒.▒†▒
.....P▒▒▒.......▒ ▒.▒†▒ ....▒P
▒.▒...▒▒▒ ▒...▒ ... ▒.▒...▒ ▒..▒▒
▒♣ ▒▒▒.....▒▒▒▒▒..▒ ▒▒▒
▒...........▒..▒ ▒.▒
▒▒▒>▒▒▒▒▒▒▒.▒..▒


You could see 2 kobolds.


Message History

You feel very sick. The kobold hits you with a +0 dagger.
* * * LOW HITPOINT WARNING * * *
The kobold barely misses you.
Unknown command.
You hit the kobold.
You kill the kobold!
Lugonu accepts your kill.
You closely miss the kobold.
* * * LOW HITPOINT WARNING * * *
You feel very sick.
Unknown command.
You hit the kobold.
The kobold is heavily wounded.
You barely miss the kobold.
* * * LOW HITPOINT WARNING * * *
You feel very sick. The kobold hits you with a +0 dagger.
* * * LOW HITPOINT WARNING * * *
The kobold hits you with a +0 short sword.
* * * LOW HITPOINT WARNING * * *
* * * LOW HITPOINT WARNING * * *
You feel sick. The kobold closely misses you.
It was a potion of degeneration.
There was something very wrong with that liquid.
You feel weakened.
You feel dopey.
You feel clumsy.
You die...

Action                   || total
-------------------------++-------
Melee: Hand axe          ||    78
       Tailslap          ||     4
Throw: Dart              ||     3
 Abil: Rolling Charge    ||     1
  Use: Potion            ||     1
 Stab: Sleeping          ||     1
Armor: Leather armour    ||    28
Dodge: Dodged            ||    30

Levels and vault maps discovered:
D:1:      dpeg_arrival_rhombus, layout_basic
D:2:      layout_loops_ring, shapermc_ecumenical_altar_petra,
          lexackson_kobold_supper

Notes
Turn   | Place    | Note
-------+----------+-------------------------------------------
     0 | Abyss:1  | sanka the Palentonga Abyssal Knight began the quest for the
                  | Orb.
     0 | Abyss:1  | Reached XP level 1. HP: 19/19 MP: 2/2
    63 | D:1      | Escaped the Abyss
   451 | D:1      | Reached XP level 2. HP: 18/25 MP: 3/3
  1034 | D:2      | Found a faded altar of an unknown god.
  1092 | D:2      | Reached ** piety under Lugonu
  1123 | D:2      | Reached skill level 3 in Axes
  1562 | D:2      | Reached XP level 3. HP: 22/31 MP: 3/5
  1868 | D:2      | HP: 3/31 [kobold (3)]
  1870 | D:2      | Succumbed to a kobold's poison

Vanquished Creatures
  A worm (D:2)
  3 bats
  4 endoplasms
  3 goblins
  2 hobgoblins (D:2)
  3 jackals (D:2)
  2 quokkas
  A ball python (D:2)
  3 frilled lizards (D:1)
  5 kobolds
  4 rats
31 creatures vanquished.

Vanquished Creatures (others)
  6 plants (D:2)
6 creatures vanquished.

Grand Total: 37 creatures vanquished
